 Dungeon Crawl Stone Soup version 0.25-a0-353-ged6d54792d (webtiles) character file.

Game seed: 14126258769389491014, levelgen mode: classic

348 Borgoz the Cudgeler (level 6, 0/40 HPs)
             Began as a Gargoyle Fighter on Jan 1, 2020.
             Slain by an iguana (3 damage)
             ... on level 4 of the Dungeon.
             The game lasted 00:05:03 (2723 turns).

Borgoz the Cudgeler (Gargoyle Fighter)              Turns: 2723, Time: 00:05:04

Health: 0/40       AC: 12    Str: 26    XL:     6   Next: 60%
Magic:  6/6        EV:  8    Int:  9    God:
Gold:   73         SH:  9    Dex:  9    Spells: 5/5 levels left

rFire    . . .     SeeInvis .   u - +0 morningstar
rCold    . . .     Gourm    .   c - +0 shield
rNeg     + . .     Faith    .   b - +0 scale mail
rPois    ∞         Spirit   .   p - +0 helmet
rElec    +         Reflect  .   (no cloak)
rCorr    +         Harm     .   (no gloves)
MR       .....                  (no boots)
Stlth    ..........             i - amulet of inaccuracy (curse)
HPRegen  0.13/turn              j - ring of resist corrosion
MPRegen  0.10/turn              (no ring)

@: mighty, about to teleport, hasted, very quick
A: negative energy resistance 1, electricity resistance, unbreathing,
petrification resistance, rot immunity, AC +4
a: no special abilities


You were on level 4 of the Dungeon.
You were not hungry.

You visited 1 branch of the dungeon, and saw 4 of its levels.

You collected 203 gold pieces.
You spent 130 gold pieces at shops.

Inventory:

Hand Weapons
 u - a +0 morningstar (weapon)
Missiles
 e - a throwing net (quivered)
Armour
 b - a +0 scale mail (worn)
 c - a +0 shield (worn)
 p - a +0 helmet (worn)
Jewellery
 i - a cursed amulet of inaccuracy (around neck)
 j - a ring of resist corrosion (left hand)
Scrolls
 h - 2 scrolls of amnesia
Potions
 g - a potion of mutation
 k - 2 potions of flight
 l - a potion of curing
Comestibles
 f - 8 rations


   Skills:
 + Level 4.8 Fighting
 * Level 4.8 Maces & Flails
 + Level 4.7 Armour
 + Level 0.8 Dodging
 - Level 3.2 Shields


You had 5 spell levels left.
You didn't know any spells.
Your spell library was empty.

Dungeon Overview and Level Annotations

Branches:
Dungeon (4/15)
 Temple: D:4-7

Altars:
Ru

Shops:
D:4 ?

Annotations:
D:4 Grinder


Innate Abilities, Weirdness & Mutations

You are resistant to torment.
Your stone body is resilient. (AC +4)
You are immune to poison.
You resist negative energy. (rN+)
You are resistant to electric shocks. (rElec)
You can survive without breathing.
You are immune to petrification.
You are immune to rotting.


Message History

You block the giant cockroach's attack.
The jackal bites you but does no damage.
The iguana bites you but does no damage.
Grinder hits you.
* * * LOW HITPOINT WARNING * * *
Your shield and scale mail prevent you from hitting Grinder.
Grinder is lightly wounded.
The jackal bites you.
* * * LOW HITPOINT WARNING * * *
You block the giant cockroach's attack.
The orc wizard casts a spell.
The orc wizard blinks!
You block the iguana's attack. Grinder hits you but does no damage.
You puncture Grinder!
Grinder is moderately wounded.
The jackal closely misses you.
The giant cockroach bites you but does no damage.
The iguana hisses menacingly.
The iguana bites you.
You die...

.# #.. ... .####.###..#
...........# .###...###.#
...).#.....# ####...#####
...##.## .....######
########## ...#####...#
#al@5So..# #.##
#.....##lhs#oo.$.. #.#
.......#.og# ..... #.#
..oal..'...# .... #.#
.......#...# o.. #.#
#.....##...# #####
#.######..?# #...###...##
#....###### #...##...).##
..##.†....####÷..#.......#


You could see Grinder, an iguana, a worker ant, an orc wizard, a gnoll, an
adder, 4 orcs, a leopard gecko, a jackal and a giant cockroach.

Vanquished Creatures
  2 orc priests (D:3)
  A gnoll shaman (D:4)
  2 hounds (D:4)
  An orc wizard (D:3)
  4 adders
  3 gnolls (D:4)
  2 oozes
  3 dart slugs (D:1)
  3 leopard geckos (D:3)
  8 orcs (D:3)
  3 ball pythons
  8 bats
  3 giant cockroaches (D:3)
  10 goblins
  7 hobgoblins
  7 jackals
  3 quokkas
  5 frilled lizards
  5 kobolds
  A leopard gecko skeleton (D:4)
  6 rats
87 creatures vanquished.

Notes
Turn   | Place    | Note
-------+----------+-------------------------------------------
     0 | D:1      | Borgoz the Gargoyle Fighter began the quest for the Orb.
     0 | D:1      | Reached XP level 1. HP: 14/14 MP: 1/1
   139 | D:1      | Reached XP level 2. HP: 19/19 MP: 2/2
   454 | D:1      | Reached XP level 3. HP: 21/23 MP: 3/3
   963 | D:2      | Found a faded altar of an unknown god.
  1075 | D:2      | Reached XP level 4. HP: 23/29 MP: 4/4
  1562 | D:3      | Found a sacrificial altar of Ru.
  1628 | D:3      | Reached XP level 5. HP: 17/33 MP: 5/5
  2367 | D:4      | Reached XP level 6. HP: 34/39 MP: 6/6
  2369 | D:4      | Found Zuath's Magic Scroll Shoppe.
  2373 | D:4      | Bought a scroll of identify for 26 gold pieces
  2373 | D:4      | Bought a scroll of identify for 26 gold pieces
  2373 | D:4      | Bought a scroll of teleportation for 39 gold pieces
  2378 | D:4      | Bought a scroll of remove curse for 39 gold pieces
  2704 | D:4      | Noticed Grinder
  2711 | D:4      | Paralysed by Grinder for 5 turns
  2722 | D:4      | HP: 2/40 [jackal (1)]
  2723 | D:4      | Slain by an iguana

Levels and vault maps discovered:
D:1:      minmay_arrival_nine_rooms, layout_loops_cross
D:2:      wad_pebble_path, layout_basic, first_ration,
          chequers_ecumenical_altar_grove
D:3:      layout_rooms, old_standard_altar, st_stairs_7, minmay_divided_ellipse
D:4:      minmay_opposing_rooms, layout_loops_ring, kennysheep_mini_moat,
          temple_pool_b, serial_shops, shop, uniq_grinder

Skill      XL: |  1  2  3  4  5 |
---------------+----------------+-----
Maces & Flails | 3 4 |  4.8
Fighting       | 4 |  4.8
Armour         | 4 |  4.7
Dodging        | |  0.8
Shields        | |  3.2

Action                   |  1- 3 |  4- 6 || total
-------------------------+-------+-------++-------
Melee: Flail             |   138 |   141 ||   279
       Morningstar       |       |   127 ||   127
  Use: Scroll            |       |    13 ||    13
       Potion            |       |     3 ||     3
  Eat: Chunk             |     1 |     6 ||     7
Armor: Scale mail        |    92 |   205 ||   297
Dodge: Dodged            |    47 |   107 ||   154
Block: Shield            |    80 |   163 ||   243

Table legend:
 A = Non-vault XP
 B = Vault XP
 C = Vault XP percentage of total XP
 D = Non-vault monster count
 E = Vault monster count
 F = Vault count percentage of total count
                 A         B        C        D         E       F
            +---------+---------+-------+---------+---------+-------
      Total |     455 |      43 |   8.6 |      72 |      15 |  17.2
            +---------+---------+-------+---------+---------+-------
        D:1 |      36 |       0 |   0.0 |      17 |       0 |   0.0
        D:2 |      68 |       0 |   0.0 |      22 |       0 |   0.0
        D:3 |     181 |      30 |  14.2 |      26 |      14 |  35.0
        D:4 |     170 |      13 |   7.1 |       7 |       1 |  12.5
            +---------+---------+-------+---------+---------+-------
